 Dungeon Crawl Stone Soup version 0.29-a0-317-gd16b76e6b1 (webtiles) character file.

Game seed: 16399675265798096578

242 Murumi the Agent of Entropy (level 6, -5/48 HPs)
             Began as a Formicid Abyssal Knight on Mar 31, 2022.
             Was a Priest of Lugonu.
             Killed by nerve-wracking pain
             ... invoked by Grinder
              (8 damage)
             ... on level 3 of the Dungeon.
             The game lasted 00:07:46 (2730 turns).

Murumi the Agent of Entropy (FoAK)                  Turns: 2730, Time: 00:07:47

Health: -5/48      AC: 10    Str: 19    XL:     6   Next: 31%
Magic:  5/9        EV:  7    Int: 10    God:    Lugonu [***...]
Gold:   67         SH:  0    Dex: 11    Spells: 5/5 levels left

rFire   . . .      SeeInvis +   j - +0 flail
rCold   . . .      Faith    .   (no shield)
rNeg    . . .      Spirit   .   i - +1 chain mail
rPois   .          Reflect  .   (helmet unavailable)
rElec   .          Harm     .   (no cloak)
rCorr   .          Rampage  .   (no gloves)
Will    .....                   (no boots)
Stlth   ..........              (no amulet)
HPRegen 0.16/turn               (no ring)
MPRegen 0.11/turn               (no ring)

@: no status effects
A: permanent stasis, dig shafts and tunnels, antennae 3, four strong arms
a: Dig, Shaft Self, Renounce Religion, Depart the Abyss, Bend Space, Banish


You were on level 3 of the Dungeon.
You worshipped Lugonu.
Lugonu was most pleased with you.
You visited 1 branch of the dungeon, and saw 3 of its levels.
You visited the Abyss 1 time.

You collected 145 gold pieces.
You spent 78 gold pieces at shops.

Inventory:

Hand Weapons
 j - a +0 flail (weapon)
Armour
 i - a +1 chain mail (worn)
Wands
 e - a wand of iceblast (3)
Scrolls
 a - a scroll of enchant armour
 f - a scroll of identify
Potions
 b - 3 potions of cancellation
 c - a potion of mutation
 d - a potion of curing
 g - a potion of attraction


   Skills:
 - Level 4.0 Fighting
 - Level 3.0 Maces & Flails
 - Level 4.0 Armour
 - Level 1.0 Dodging
 - Level 2.0 Stealth
 + Level 4.4 Invocations
 - Level 1.0 Evocations


You had 5 spell levels left.
You didn't know any spells.
Your spell library contained the following spells:

 Spells                   Type           Power      Damage    Failure   Level
 Sandblast                Erth           0%         2d4       99%         1
 Passwall                 Tmut/Erth      0%         N/A       99%         2
 Stone Arrow              Conj/Erth      0%         3d7       100%        3


Dungeon Overview and Level Annotations

Branches:
Dungeon (3/15)

Altars:

Shops:
D:2 ?

Annotations:
D:3 Grinder


Innate Abilities, Weirdness & Mutations

You cannot be hasted, slowed, berserked, paralysed or teleported.
You can dig through walls and to a lower floor.
You have a pair of large antennae on your head. (SInv)
Your four strong arms can wield two-handed weapons with a shield.


Message History

* * * LOW HITPOINT WARNING * * *
You barely miss Grinder.
Grinder is severely wounded.
Grinder zaps a wand.
The puff of flame hits you.
* * * LOW HITPOINT WARNING * * *
Okay, then.
You feel much better. Grinder hits you.
You writhe in agony.
You hit Grinder.
Grinder is severely wounded.
Grinder hits you but does no damage. Grinder hits you!
You closely miss Grinder.
Grinder is severely wounded.
Grinder blinks!
You start resting.
Grinder is nearby!
Grinder barely misses you.
You barely miss Grinder.
Grinder is severely wounded.
Grinder zaps a wand.
The puff of flame hits you but does no damage.
You barely miss Grinder.
Grinder is severely wounded.
Grinder zaps a wand.
The puff of flame hits you.
* * * LOW HITPOINT WARNING * * *
You barely miss Grinder.
Grinder is severely wounded.
Grinder hits you but does no damage.
Grinder zaps a wand.
The puff of flame hits you!
* * * LOW HITPOINT WARNING * * *
You barely miss Grinder.
Grinder is severely wounded.
Grinder zaps a wand.
The puff of flame hits you.
* * * LOW HITPOINT WARNING * * *
Okay, then.
Press: ? - help, Shift-Dir - straight line, f - Grinder
Aim: Grinder, carrying a wand of flame (2) (severely wounded, chance to affect: 82%) Grinder barely resists.
Grinder gestures at you. Pain shoots through your body!
You die...

#.................
#.######.#........
#.# #.#..######
#.# #.#..# ####
#.# ####.#..###...
#.# #.............
#.# #.##.†........
#.# # ###..###.##
##@###.##....###.#
#..5........†....#
#..##...#.##.#####
#............# ##
#.###...#.###. ...
#. ##...<# .# ###
#. ....... .# ##
### ##..# #..#


You could see Grinder.

Vanquished Creatures
  Sigmund (D:3)
  4 adders
  A worm (D:2)
  A dart slug (D:3)
  2 orcs (D:3)
  3 bats (D:2)
  3 endoplasms
  2 giant cockroaches (D:2)
  2 goblins
  4 hobgoblins
  6 jackals
  4 quokkas
  5 ball pythons
  2 frilled lizards
  4 kobolds
  4 rats
48 creatures vanquished.

Notes
Turn   | Place    | Note
-------+----------+-------------------------------------------
     0 | Abyss:1  | Murumi the Formicid Abyssal Knight began the quest for the
                  | Orb.
     0 | Abyss:1  | Reached XP level 1. HP: 18/18 MP: 2/2
     5 | D:1      | Escaped the Abyss
    50 | D:1      | Reached skill level 1 in Dodging
   179 | D:1      | Found a faded altar of an unknown god.
   302 | D:1      | Reached XP level 2. HP: 13/25 MP: 3/3
  1323 | D:2      | Found Tuyl's Magic Scroll Boutique.
  1332 | D:2      | Reached XP level 3. HP: 27/30 MP: 4/4
  1613 | D:2      | Reached skill level 1 in Stealth
  1736 | D:2      | Reached XP level 4. HP: 37/37 MP: 6/6
  1854 | D:2      | Reached skill level 1 in Evocations
  1997 | D:2      | Reached *** piety under Lugonu
  2139 | D:2      | Bought a scroll of identify for 26 gold pieces
  2140 | D:2      | Bought a scroll of identify for 26 gold pieces
  2141 | D:2      | Bought a scroll of identify for 26 gold pieces
  2494 | D:3      | Noticed Sigmund
  2497 | D:3      | Killed Sigmund
  2498 | D:3      | Reached XP level 5. HP: 42/42 MP: 6/8
  2498 | D:3      | Reached XP level 6. HP: 48/48 MP: 6/9
  2694 | D:3      | Noticed Grinder
  2730 | D:3      | Killed from afar by Grinder

Illustrated notes

Levels and vault maps discovered:
D:1:      matt_arrival_grand_opening, layout_loops_ring,
          ebering_ecumenical_altar_mist, serial_forest,
          infiniplex_forest_straight_5, infiniplex_forest_corner_1,
          infiniplex_forest_straight_5, infiniplex_forest_straight_2,
          infiniplex_forest_fountain, infiniplex_forest_straight_3,
          infiniplex_forest_clump_large, infiniplex_forest_clump_curved
D:2:      layout_basic, serial_shops, nicolae_shop_waterfront
D:3:      layout_loops_ring, minmay_pentangle, uniq_grinder, uniq_ijyb,
          uniq_sigmund

Skill      XL: |  1  2  3  4 |
---------------+-------------+-----
Dodging        | 1 |  1.0
Fighting       | 4 |  4.0
Armour         | 3 4 |  4.0
Invocations    | 3 4 |  4.4
Stealth        | 1 2 |  2.0
Evocations     | 1 |  1.0
Maces & Flails | 3 |  3.0

Action                   |  1- 3 |  4- 6 || total
-------------------------+-------+-------++-------
Melee: Mace              |    63 |    56 ||   119
       Flail             |       |    33 ||    33
Invok: Banish            |       |     1 ||     1
Evoke: Wand              |       |     2 ||     2
  Use: Scroll            |     6 |     4 ||    10
       Potion            |       |     1 ||     1
Armor: Leather armour    |     6 |       ||     6
       Ring mail         |    12 |    25 ||    37
       Chain mail        |       |    14 ||    14
Dodge: Dodged            |    31 |    52 ||    83

Table legend: (Time is in decaauts)
 A = Elapsed time spent in this place.
 B = Non-inter-level travel time spent in this place.
 C = Inter-level travel time spent in this place.
 D = Time resting spent in this place.
 E = Time spent auto-exploring this place.
 F = Levels seen in this place.
 G = Mean time per level.
                   A        B        C        D        E       F      G
               +--------+--------+--------+--------+--------+-----+--------+
         Total |   2776 |   2545 |    231 |      5 |   2061 |   4 |  694.0 |
       Dungeon |   2771 |   2540 |    231 |      5 |   2059 |   3 |  923.7 |
         Abyss |      5 |      5 |      0 |      0 |      2 |   1 |    5.0 |
               +--------+--------+--------+--------+--------+-----+--------+

Top non-repeatable levels by time:
     D:1: 1302 daAuts
     D:2: 1182 daAuts
     D:3: 286 daAuts
 Abyss:1: 5 daAuts
